 Dungeon Crawl Stone Soup version 0.29.1-15-g9cfb28693d (webtiles) character file.

Game seed: 15154196899042585935

33 Descartes the Ducker (level 3, -3/19 HPs)
             Began as a Deep Elf Wanderer on Apr 29, 2023.
             Slain by a worm (9 damage)
             ... on level 2 of the Dungeon.
             The game lasted 00:02:04 (1503 turns).

Descartes the Ducker (Deep Elf Wanderer)            Turns: 1503, Time: 00:02:04

Health: -3/19      AC:  3    Str:  5    XL:     3   Next: 12%
Magic:  1/8        EV: 14    Int: 19    God:
Gold:   81         SH:  0    Dex: 17    Spells: 5/6 levels left

rFire   . . .      SeeInvis .   a - +0 dagger
rCold   . . .      Faith    .   (no shield)
rNeg    . . .      Spirit   .   c - +0 robe
rPois   .          Reflect  .   (no helmet)
rElec   .          Harm     .   (no cloak)
rCorr   .          Rampage  .   (no gloves)
Will    .....                   d - +0 pair of boots
Stlth   ++........              (no amulet)
HPRegen 0.06/turn               (no ring)
MPRegen 0.11/turn               (no ring)

@: no status effects
A: no striking features
a: no special abilities


You were on level 2 of the Dungeon.
You visited 1 branch of the dungeon, and saw 2 of its levels.

You collected 81 gold pieces.

Inventory:

Hand Weapons
 a - a +0 dagger (weapon)
Armour
 c - a +0 robe (worn)
 d - a +0 pair of boots (worn)
Scrolls
 e - a scroll of silence {unknown}
 f - 4 scrolls of summoning {unknown}
 g - a scroll of identify {unknown}
 h - a scroll of amnesia {unknown}
 j - a scroll of blinking {unknown}
 l - a scroll of poison {unknown}
Potions
 b - a potion of invisibility
 i - a potion of brilliance {unknown}
 k - a potion of mutation {unknown}


   Skills:
 - Level 1.0 Throwing
 + Level 3.9 Dodging
 + Level 2.0 Spellcasting
 + Level 1.0 Conjurations
 + Level 3.5 Transmutations
 + Level 2.5 Fire Magic
 + Level 0.8 Earth Magic
 + Level 0.6 Poison Magic


You had 5 spell levels left.
You knew the following spells:

 Your Spells              Type           Power      Damage    Failure   Level
a - Foxfire               Conj/Fire      32%        2x1d5     9%          1

Your spell library contained the following spells:

 Spells                   Type           Power      Damage    Failure   Level
 Wereblood                Tmut           15%        N/A       6%          2
 Passwall                 Tmut/Erth      8%         N/A       11%         2
 Ignite Poison            Fire/Tmut/Pois 10%        N/A       21%         3
 Sticky Flame             Conj/Fire      8%         2d3       63%         4


Dungeon Overview and Level Annotations

Branches:
Dungeon (2/15)

Altars:


Message History

The worm is heavily wounded.
The worm barely misses you.
You hit the worm but do no damage.
The worm is heavily wounded.
You barely miss the worm.
The worm is heavily wounded.
The worm closely misses you.
Casting: Foxfire (safe; 9% risk of failure)
Confirm with . or Enter, or press ? or * to list all spells.
You conjure some foxfire!
The worm bites you!
Ouch! That really hurt!
Unknown command.
Casting: Foxfire (safe; 9% risk of failure)
Confirm with . or Enter, or press ? or * to list all spells.
You don't have enough magic to cast this spell.
Unknown command.
The foxfire hits the worm but does no damage.
The worm is heavily wounded.
The foxfire hits the worm.
The worm is heavily wounded.
The worm misses you.
Your magical contamination has completely faded away.
You hit the worm.
The worm is severely wounded.
Casting: Foxfire (safe; 9% risk of failure)
Confirm with . or Enter, or press ? or * to list all spells.
You don't have enough magic to cast this spell.
You barely miss the worm.
The worm is severely wounded.
The worm bites you.
You hit the worm.
The worm is almost dead.
The worm barely misses you.
You hit the worm but do no damage.
The worm is severely wounded.
Unknown command.
You hit the worm but do no damage.
The worm is severely wounded.
The worm bites you!
You die...

###########.....#
#.....# #####.#
#.# . #.# ...
####.#
....###....#
..!....w...#
....$..@...#
..........##
......)...#
........###
........#
.........
#........
#........


You could see a worm.

Vanquished Creatures
  3 endoplasms (D:1)
  2 giant cockroaches (D:1)
  4 goblins (D:1)
  A hobgoblin (D:1)
  5 kobolds
  6 ball pythons (D:1)
  2 bats (D:1)
  3 frilled lizards (D:1)
  4 rats
30 creatures vanquished.

Vanquished Creatures (others)
  128 foxfires
128 creatures vanquished.

Grand Total: 158 creatures vanquished

Notes
Turn   | Place    | Note
-------+----------+-------------------------------------------
     0 | D:1      | Descartes the Deep Elf Wanderer began the quest for the
                  | Orb.
     0 | D:1      | Descartes set off with the following items: a +0 dagger, a
                  | potion of invisibility, a +0 robe, a +0 pair of boots; and
                  | the following spell memorised: Foxfire; and the following
                  | spells available to memorise: Wereblood, Passwall, Ignite
                  | Poison, Sticky Flame.
     0 | D:1      | Reached XP level 1. HP: 10/10 MP: 5/5
   207 | D:1      | Reached XP level 2. HP: 15/15 MP: 2/6
  1076 | D:1      | Reached XP level 3. HP: 19/19 MP: 6/8
  1226 | D:1      | Reached skill level 1 in Conjurations
  1503 | D:2      | Slain by a worm

Illustrated notes

Levels and vault maps discovered:
D:1:      enne_arrival_octagon_isle, layout_basic
D:2:      layout_basic, hellmonk_ecumenical_altar_run_dry

Skill      XL: |  1  2  3 |
---------------+----------+-----
Spellcasting   | 2 |  2.0
Conjurations   | 1 |  1.0
Throwing       | |  1.0
Dodging        | |  3.9
Transmutations | |  3.5
Fire Magic     | |  2.5
Earth Magic    | |  0.8
Poison Magic   | |  0.6

Action                   || total
-------------------------++-------
Melee: Dagger            ||    11
 Cast: Foxfire           ||    77
Armor: Robe              ||     3
Dodge: Dodged            ||    12
